 Dungeon Crawl Stone Soup version 0.19-a0-1870-gc32fe5a (webtiles) character file.

85 Bekkur the Stinger (level 4, 0/33 HPs)
             Began as a Draconian Venom Mage on Oct 13, 2016.
             Was an Initiate of Cheibriados.
             Splashed by a jelly's acid (7 damage)
             ... on level 3 of the Dungeon.
             The game lasted 00:09:34 (2384 turns).

Bekkur the Stinger (Draconian Venom Mage)           Turns: 2384, Time: 00:09:36

Health: 0/33       AC: -3    Str: 18    XL:     4   Next: 25%
Magic:  3/7        EV: 12    Int: 17    God:    Cheibriados [......]
Gold:   40         SH:  0    Dex: 12    Spells: 2 memorised, 2 levels left

rFire  . . .     SeeInvis .     l - +0 club
rCold  . . .     Gourm    +     (armour unavailable)
rNeg   . . .     Faith    .     (no shield)
rPois  .         Spirit   .     (helmet restricted)
rElec  .         Dismiss  .     (no cloak)
rCorr  .         Reflect  .     (no gloves)
MR     .....     Harm     .     (no boots)
Stlth  ++........               m - amulet of the gourmand
                                n - +6 ring of strength
                                h - ring of wizardry

@: corroded, very slow
A: unfitting armour, cold-blooded, AC +5
a: Bend Time, Renounce Religion


You were on level 3 of the Dungeon.
You worshipped Cheibriados.
Cheibriados was noncommittal.
You were not hungry.

You visited 1 branch of the dungeon, and saw 3 of its levels.

You collected 40 gold pieces.

Inventory:

Hand Weapons
 j - a +0 dagger
 l - a +0 club (weapon)
Jewellery
 h - a ring of wizardry (left hand)
 m - an amulet of the gourmand (around neck)
 n - a +6 ring of strength (right hand)
Scrolls
 c - a scroll of teleportation
 f - a scroll of amnesia
 o - a scroll of remove curse
 q - a scroll of magic mapping {unknown}
Potions
 d - 2 potions of flight
 e - a potion of lignification {unknown}
 g - a potion of haste {unknown}
 i - 3 potions of brilliance {unknown}
Books
 a - a Young Poisoner's Handbook

   Spells                             Type                      Level
   a - Sting                          Conjuration/Poison           1
   b - Mephitic Cloud                 Conjuration/Poison/Air       3
   c - Olgreb's Toxic Radiance        Poison                       4
   d - Alistair's Intoxication        Transmutation/Poison         5
   e - Venom Bolt                     Conjuration/Poison           5
Comestibles
 b - a bread ration
 k - 2 fruits
 p - a meat ration


   Skills:
 - Level 1.7 Dodging
 - Level 1.7 Stealth
 - Level 2.0 Spellcasting
 + Level 5.8 Poison Magic


You had 2 spell levels left.
You knew the following spells:

 Your Spells              Type           Power        Failure   Level  Hunger
a - Sting                 Conj/Pois      ##..         4%          1    #......
b - Olgreb's Toxic Radia  Pois           ###.....     9%          4    #####..


Dungeon Overview and Level Annotations

Branches:
Dungeon (3/15)

Altars:
Cheibriados
Xom

Annotations:
D:2 exclusion: downstairs
D:3 WhatIsLove's ghost, amateur VSGl


Innate Abilities, Weirdness & Mutations

Your plain brown scales are hard. (AC +5)
You cannot fit into any form of body armour.
You are cold-blooded and may be slowed by cold attacks.


Message History

The jelly is lightly wounded.
The jelly closely misses you.
You hit the jelly.
Your hands burn!
The jelly is moderately wounded.
The jelly barely misses you. The jelly hits you. The acid corrodes you!
You are splashed with acid!
The acid burns!
You barely miss the jelly.
The jelly is moderately wounded.
The jelly closely misses you.
You hit the jelly but do no damage.
Your hands burn!
The jelly is moderately wounded.
The jelly barely misses you.
You barely miss the jelly.
The jelly is moderately wounded.
The jelly hits you.
You are splashed with acid!
The acid burns!
* * * LOW HITPOINT WARNING * * *
The jelly hits you.
* * * LOW HITPOINT WARNING * * *
You are splashed with acid!
The acid burns!
You die...

. ### .. .= .. #..
..###.# ...####.#
#...#.#
#.......###?#.#.##
#....<.##.#....#.##
####...............
###.#..#.#J.#...##
#...##....@.......
#........##.#...#.
#...###..# .# .#
##### #...#.#
#.#.... #.##...#
..# ...# ..# ...#
.... ..#


You could see a jelly.

Vanquished Creatures
  2 adders (D:2)
  An ooze (D:1)
  A worm (D:2)
  A dart slug (D:2)
  5 giant cockroaches
  6 goblins
  5 hobgoblins
  11 jackals
  8 kobolds
  A ball python (D:3)
  6 bats
  2 frilled lizards (D:3)
  3 rats
52 creatures vanquished.

Notes
Turn   | Place    | Note
-------+----------+-------------------------------------------
     0 | D:1      | Bekkur the Draconian Venom Mage began the quest for the Orb.
     0 | D:1      | Reached XP level 1. HP: 14/14 MP: 3/3
   384 | D:1      | Reached XP level 2. HP: 9/20 MP: 0/5
   753 | D:1      | Found a shimmering altar of Xom.
  1269 | D:1      | Reached skill level 5 in Poison Magic
  1269 | D:1      | Reached XP level 3. HP: 25/26 MP: 2/6
  2033 | D:2      | Reached XP level 4. HP: 33/33 MP: 7/7
  2049 | D:2      | Learned a level 4 spell: Olgreb's Toxic Radiance
  2238 | D:2      | Found a snail-covered altar of Cheibriados.
  2248 | D:2      | Became a worshipper of Cheibriados the Contemplative
  2335 | D:3      | Noticed WhatIsLove's ghost (amateur VSGl)
  2384 | D:3      | Splashed by a jelly's acid

Vault maps used:
D:1:      dpeg_arrival_circle_labyrinth_c, xom_teletrap_fun
D:2:      minmay_misc_feat_five, kennysheep_slug_shrine
D:3:      first_bread

Skill      XL: |  1  2 |
---------------+-------+-----
Poison Magic   | 5 |  5.8
Dodging        | |  1.7
Stealth        | |  1.7
Spellcasting   | |  2.0

Action                   |  1- 3 |  4- 6 || total
-------------------------+-------+-------++-------
Melee: Unarmed           |    27 |       ||    27
       Tailslap          |     9 |       ||     9
       Club              |    79 |    27 ||   106
 Cast: Sting             |    74 |     8 ||    82
       Olgreb's Toxic Ra |       |     1 ||     1
  Use: Scroll            |     6 |       ||     6
 Stab: Sleeping          |     1 |       ||     1
  Eat: Chunk             |     5 |     7 ||    12
Armor: Skin              |    60 |    14 ||    74
Dodge: Dodged            |   101 |    27 ||   128
